[Event "1st Serbian League 2022"]
[Site "Vrnjacka Banja"]
[Date "2022.09.23"]
[Round "4.26"]
[White "Atalik, Suat"]
[Black "Ivanovic, Marko"]
[Result "1-0"]
[ECO "A57"]
[WhiteElo "2436"]
[BlackElo "2265"]
[Annotator "TA"]
[PlyCount "87"]
[EventDate "2022.09.20"]
[EventType "team-tourn"]
[EventCountry "SRB"]
[SourceTitle "playchess.com"]
[Source "ChessBase"]
[SourceQuality "1"]
[TimeControl "40/5400+30:1800+30"]

1. d4 Nf6 2. c4 c5 3. d5 b5 4. Nf3 b4 5. a3 bxa3 ({Better is} 5... Na6 $14) 6. Rxa3 $16 {[%emt 0:00:24] A57: Benko/Volga Gambit.} g6 7. Nc3 Bg7 8. e4 {[%emt 0:00:29] White is better.} d6 9. Bd3 O-O 10. h3 e5 {[%emt 0:01:20] [#]} 11. Bg5 $146 ({Predecessor:} 11. Bd2 Nh5 12. O-O Nf4 13. Bc2 h5 14. Re1 a6 15. Na4 Nd7 16. b4 cxb4 17. Bxb4 {1-0 (38) Ponkratov,P (2657)-Tadic,S (2339) Struga 2021}) 11... h6 12. Bd2 a6 {[%emt 0:04:39] Inhibits Nb5.} (12... Na6 $14) 13. Qc1 Kh7 14. g4 Rh8 15. Ne2 Nbd7 16. Ng3 {[%emt 0:00:52] White has more active pieces. The black rooks are badly placed.} Kg8 17. Rg1 Rb8 18. Ke2 Nf8 19. Ne1 N6h7 20. Nf3 {[%emt 0:00:06] Against Ng5} ({White should play} 20. Rh1 $14) 20... Nf6 (20... Ng5 $11 {remains equal.} 21. Rh1 (21. Nxg5 hxg5 22. Bxg5 Bf6 $11) 21... Nxf3 22. Kxf3 Bf6) 21. Bb1 h5 22. Nf5 $2 gxf5 (22... hxg4 $19 23. Nxg7 gxf3+ 24. Rxf3 Kxg7 25. Rxf6 Ne6 26. Rxe6 fxe6) 23. gxf5 $17 Ne8 24. Ng5 Nh7 25. h4 Kf8 (25... Qb6 $17 26. b3 Qd8) 26. Rag3 Rb7 27. Bc2 Nxg5 (27... Nhf6 $15) 28. hxg5 $11 f6 29. g6 Kg8 (29... Bd7 $11) 30. Rh1 {[%emt 0:03:35][%mdl 1024] White has compensation.} Bf8 31. Rhh3 Qc7 32. Ra3 Rb4 33. Ba4 Ng7 34. Bxb4 cxb4 35. Raf3 Bd7 $2 (35... Be7 $14) 36. Bxd7 $18 Qxd7 37. Qa1 Qc8 38. b3 h4 39. Qh1 Ne8 {[%emt 0:00:44] [#]} 40. Rfg3 $3 Qc5 (40... Qb7 41. Rg4) 41. Rg4 ({Less strong is} 41. Rxh4 Rxh4 42. Qxh4 Bg7 $18) 41... Qd4 $2 (41... Bg7 $18 42. Qa1 Qb6 43. Rhxh4 Kf8) 42. Rgxh4 {[%emt 0:00:34] White mates.} Rxh4 43. Rxh4 Bg7 {[%emt 0:00:05] [#]} 44. Rh8+ $3 {[%emt 0:17:32][%mdl 512] Weighted Error Value: White=0.19 (very precise) /Black=0.40} 1-0

[Event "1st Serbian League 2022"]
[Site "Vrnjacka Banja"]
[Date "2022.09.23"]
[Round "4.27"]
[White "Sarenac, Ivan"]
[Black "Vucinic, Gojko"]
[Result "1-0"]
[ECO "A16"]
[WhiteElo "2402"]
[BlackElo "2380"]
[Annotator "TA"]
[PlyCount "43"]
[EventDate "2022.09.20"]
[EventType "team-tourn"]
[EventCountry "SRB"]
[SourceTitle "playchess.com"]
[Source "ChessBase"]
[SourceQuality "1"]
[TimeControl "40/5400+30:1800+30"]

1. Nf3 Nf6 2. c4 g6 3. Nc3 d5 4. cxd5 Nxd5 5. h4 Nc6 6. e4 {[%emt 0:02:59] A16: English Opening: 1...Nf6 with ...d5.} (6. d4 $5 ) 6... Ndb4 7. d3 Bg4 (7... Bg7 $1 $11 {is superior.}) 8. a3 $14 {[%emt 0:00:58] White is slightly better.} Na6 9. d4 {[%emt 0:02:17] Inhibits Nc5. And now Bb5 would win.} Bxf3 10. gxf3 {[%emt 0:00:06] [#] Threatens to win with Bb5.} Nxd4 $146 ({Resist} 10... Qxd4 11. Qc2 (11. Be3 Qxd1+ 12. Rxd1 Bg7 $11) 11... Qd7 12. Be3 $16) ({Predecessor:} 10... Qxd4 11. Be3 Qxd1+ 12. Rxd1 e6 13. h5 Bg7 14. hxg6 hxg6 15. Rxh8+ Bxh8 16. Rc1 Nd4 {½-½ (42) Lokander,M (2384)-Trost,E (2053) Vasteras 2018}) 11. Be3 Bg7 12. h5 (12. Qa4+ $1 $14 Kf8 13. O-O-O) 12... O-O $11 13. hxg6 hxg6 14. f4 e6 15. e5 Nf5 16. Qf3 Nxe3 17. fxe3 Rb8 (17... Nc5 $14) 18. Qh3 $40 {[%emt 0:08:13][%csl Gh1][%cal Rh3h7][%mdl 1152] White has strong compensation. White has strong attack.} Re8 19. Rd1 ({White should play} 19. Ne4) 19... Qe7 $16 20. Rd2 {[%emt 0:00:17] Hoping for Rdh2. White has more active pieces. The black rooks are badly placed.} Red8 $2 {[%emt 0:03:28][%mdl 8192] [#]} (20... Kf8 $16) 21. Rdh2 $1 $18 {[%emt 0:01:10][%cal Oh3h8] Intending Qh8+! and mate.} Qc5 {[%emt 0:00:30] [#]} 22. Qh8+ $3 {[%emt 0:00:10][%mdl 33280] Weighted Error Value: White=0.16 (very precise) /Black=0.41. Loss on time!?} 1-0

[Event "1st Serbian League 2022"]
[Site "Vrnjacka Banja"]
[Date "2022.09.23"]
[Round "4.28"]
[White "Milosevic, Milos"]
[Black "Arsovic, Zoran"]
[Result "1-0"]
[ECO "B41"]
[WhiteElo "2379"]
[BlackElo "2362"]
[Annotator "TA"]
[PlyCount "87"]
[EventDate "2022.09.20"]
[EventType "team-tourn"]
[EventCountry "SRB"]
[SourceTitle "playchess.com"]
[Source "ChessBase"]
[SourceQuality "1"]
[TimeControl "40/5400+30:1800+30"]

1. e4 {[%emt 0:00:11] Gutman,L} c5 2. Nf3 e6 3. d4 cxd4 4. Nxd4 a6 5. c4 Nf6 6. Nc3 Qc7 7. Be2 b6 8. Be3 Bb7 {[%emt 0:01:18] B41: Sicilian: Kan Variation: 5 c4.} 9. f3 d6 10. Qd2 Be7 {[%emt 0:01:01] White is slightly better. was the old line (10...Nbd7).} 11. O-O-O O-O 12. Kb1 Nc6 13. Rc1 {[%emt 0:00:55][%cal Oc3d5] Strongly threatening Nd5!} Nxd4 14. Bxd4 Nd7 {[%emt 0:01:39] [#]} 15. h4 $146 ({Predecessor:} 15. g4 Rfb8 16. h4 Qd8 17. g5 Bc6 18. Rhg1 b5 19. cxb5 axb5 20. Nd1 Rc8 21. Ne3 {½-½ (38) Bischoff,K (2561)-Heinemann,T (2426) Hoeckendorf 2004 CBM 100 [Gutman,L]}) 15... Bf6 (15... Rfc8 $14) 16. Bxf6 $16 Nxf6 17. g4 Rad8 18. h5 Qe7 19. Qe3 Rb8 20. f4 Bc6 21. g5 Nd7 22. h6 {[%emt 0:06:57] hxg7 is the strong threat.} g6 23. Rhd1 $36 {[%emt 1:02:02][%mdl 2048] Black must now prevent Qd4. White is in control.} f6 {[%emt 0:09:00] [#]} 24. Qd4 {[%emt 0:00:00] White is more active.} (24. gxf6 $1 $16 Nxf6 25. e5 dxe5 26. fxe5 (26. Qxe5 Nd7 $16)) 24... fxg5 $2 {[%emt 0:00:22][%mdl 8192] Loses the game.} (24... Nc5 $1 $14) 25. Qxd6 $18 Qxd6 26. Rxd6 Rbc8 27. fxg5 Nc5 28. Bg4 Kf7 $2 {[%emt 0:11:37] [#]} (28... Rfe8 29. e5 a5) 29. e5 (29. b4 $142 Nxe4 30. Rf1+ Kg8 31. Bxe6+ Kh8 32. Rxf8+ Rxf8 33. Rxc6 Nxc3+ 34. Kc2) 29... Ke7 30. b4 Rf4 31. Bh3 ({Not} 31. bxc5 Rxg4 32. cxb6 Rxc4 $16) 31... Ne4 32. Rxe6+ Kf7 33. Nxe4 Bxe4+ 34. Ka1 Bg2 35. Rf6+ ({Less strong is} 35. Bxg2 Kxe6 36. Bh3+ Rf5 $16) 35... Rxf6 36. Bxc8 Rf1 (36... Rf4 $18 37. c5 bxc5 38. Rxc5 Ke7) 37. Rxf1+ {[%emt 0:00:00] White mates.} Bxf1 {[%emt 0:00:02] KB-KB} 38. c5 bxc5 39. bxc5 Bg2 40. Kb2 Bd5 41. a3 a5 42. Kc3 Ke7 43. Kd4 Bc6 44. e6 {[%emt 0:00:32] Weighted Error Value: White=0.24 (precise) /Black=0.52} 1-0

[Event "1st Serbian League 2022"]
[Site "Vrnjacka Banja"]
[Date "2022.09.23"]
[Round "4.29"]
[White "Radusinovic, Lazar"]
[Black "Markovic, Miroslav"]
[Result "1/2-1/2"]
[ECO "A49"]
[WhiteElo "2308"]
[BlackElo "2275"]
[Annotator "TA"]
[PlyCount "24"]
[EventDate "2022.09.20"]
[EventType "team-tourn"]
[EventCountry "SRB"]
[SourceTitle "playchess.com"]
[Source "ChessBase"]
[SourceQuality "1"]
[TimeControl "40/5400+30:1800+30"]

1. d4 Nf6 2. Nf3 d6 3. g3 g6 4. Bg2 Bg7 5. O-O O-O 6. a4 c6 7. a5 Qc7 {[%emt 0:02:20] A49: 1 d4 Nf6 2 Nf3 g6 3 g3: Anti-King's Indian systems.} 8. c4 e5 9. Nc3 Re8 {[%emt 0:02:21] [#]} 10. e4 $146 ({Predecessor:} 10. h3 Nbd7 11. e4 exd4 12. Nxd4 Nc5 13. Re1 Bd7 14. b4 Ne6 15. Be3 Nxd4 16. Bxd4 {1-0 (23) Gajewski,G (2396)-Bulski,K (2260) Polanica Zdroj 2005}) 10... Bg4 11. d5 Qd7 12. Re1 Na6 {[%emt 0:01:32] Weighted Error Value: White=0.12 (very precise) /Black=0.16 (very precise)} 1/2-1/2

[Event "1st Serbian League 2022"]
[Site "Vrnjacka Banja"]
[Date "2022.09.23"]
[Round "4.30"]
[White "Vratonjic, Slobo"]
[Black "Todorovic, Goran N"]
[Result "1/2-1/2"]
[ECO "B03"]
[WhiteElo "2253"]
[BlackElo "2305"]
[Annotator "TA"]
[PlyCount "34"]
[EventDate "2022.09.20"]
[EventType "team-tourn"]
[EventCountry "SRB"]
[SourceTitle "playchess.com"]
[Source "ChessBase"]
[SourceQuality "1"]
[TimeControl "40/5400+30:1800+30"]

1. e4 Nf6 2. e5 Nd5 3. d4 d6 4. c4 Nb6 5. f4 g6 6. Nf3 {[%emt 0:01:00] B03: Alekhine's Defence: Four Pawns Attack.} dxe5 7. fxe5 Bg7 (7... c5 $11) 8. Be2 (8. h3 $16) 8... c5 {[%emt 0:07:08] The position is equal.} 9. d5 ({Much weaker is} 9. dxc5 Qxd1+ 10. Kxd1 N6d7 $15) 9... O-O 10. Bf4 e6 11. Nc3 {[%emt 0:10:07] [#]  Weighted Error Value: White=0.15 (very precise) /Black=0.07 (flawless)} {Predecessor:} exd5 $146 12. cxd5 Bg4 13. O-O N8d7 14. Bg5 Qc8 15. Ne4 Bxf3 16. Bxf3 Bxe5 17. Be7 Bxb2 {0-1 (40) Kruglyakov,P (2363)-Yoshan,V (2351) Kiev 2021} 1/2-1/2

[Event "1st Serbian League 2022"]
[Site "Vrnjacka Banja"]
[Date "2022.09.23"]
[Round "4.31"]
[White "Sarana, Alexey"]
[Black "Ter-Sahakyan, Samvel"]
[Result "1/2-1/2"]
[ECO "D38"]
[WhiteElo "2662"]
[BlackElo "2630"]
[Annotator "TA"]
[PlyCount "35"]
[EventDate "2022.09.20"]
[EventType "team-tourn"]
[EventCountry "SRB"]
[SourceTitle "playchess.com"]
[Source "ChessBase"]
[SourceQuality "1"]
[TimeControl "40/5400+30:1800+30"]

1. d4 Nf6 2. c4 e6 3. Nf3 d5 4. Nc3 Bb4 5. cxd5 exd5 {[%emt 0:00:05] The position is equal.} 6. Bf4 {[%emt 0:00:19] D38: Queen's Gambit Declined: Ragozin Defence (4 Nf3 Bb4).} Ne4 {[%emt 0:00:22] seems to push 6...0-0 aside.} 7. Rc1 Nc6 8. Nd2 g5 9. Be3 Nxc3 10. bxc3 Ba3 11. Rb1 f5 $1 12. f4 {[%emt 0:00:29] [#]} Bd6 $5 $146 {[%emt 0:00:59][%mdl 8] An interesting novelty.} ({Predecessor:} 12... Qe7 13. Bf2 gxf4 14. g3 fxg3 15. hxg3 O-O 16. Bg2 Be6 17. Rxb7 Rab8 18. Rxb8 Rxb8 {1-0 (50) Nyzhnyk,I (2665)-Grischuk,A (2777) Chess.com INT 2020}) 13. Bf2 gxf4 14. e4 fxe4 15. Qh5+ Kf8 {[%emt 0:00:16] [#] ...e3 is the strong threat.} 16. Nxe4 dxe4 17. Qh6+ Ke8 18. Qh5+ $1 {[%emt 0:00:05] An interesting draw.  Weighted Error Value: White=0.02 (flawless) /Black=0.01 (flawless)} 1/2-1/2

[Event "1st Serbian League 2022"]
[Site "Vrnjacka Banja"]
[Date "2022.09.23"]
[Round "4.32"]
[White "Stojanovic, Mihajlo"]
[Black "Ivic, Velimir"]
[Result "1/2-1/2"]
[ECO "D31"]
[WhiteElo "2494"]
[BlackElo "2553"]
[Annotator "TA"]
[PlyCount "76"]
[EventDate "2022.09.20"]
[EventType "team-tourn"]
[EventCountry "SRB"]
[SourceTitle "playchess.com"]
[Source "ChessBase"]
[SourceQuality "1"]
[TimeControl "40/5400+30:1800+30"]

1. d4 d5 2. c4 e6 3. Nc3 c6 4. e4 dxe4 5. Nxe4 Bb4+ 6. Nc3 e5 {[%emt 0:00:23] D31: Queen's Gambit Declined: Semi-Slav without ...Nf6 (+ Marshall Gambit and Noteboom) and Exchange Variation lines without ...Nf6.} 7. a3 Bxc3+ 8. bxc3 Qa5 9. Bd2 Nf6 10. Nf3 Nbd7 11. dxe5 (11. Be2 {keeps more tension.} e4 12. Ng5 e3 13. Bxe3 Qxc3+ 14. Kf1) 11... Nxe5 {[%emt 0:08:30] White must now prevent ...Bg4.} 12. Nxe5 Qxe5+ 13. Qe2 Qxe2+ 14. Bxe2 {[%emt 0:00:04] [#]} Ne4 $146 ({Predecessor:} 14... Bg4 15. f3 Bf5 16. Kf2 O-O-O 17. Bg5 Bd3 18. Bxf6 gxf6 19. Rhd1 Bxe2 20. Kxe2 Rde8+ {½-½ (20) Talu,M (2034)-Bulau,A (2021) Calimanesti 2018}) 15. f3 Nxd2 16. Kxd2 Bf5 17. Rhd1 O-O-O+ 18. Ke1 Rhe8 19. Rxd8+ Kxd8 $17 {[%emt 0:00:17][%mdl 4096] Endgame KRB-KRB} 20. Kf2 Re5 21. g4 Bd7 22. f4 Ra5 23. f5 h5 24. h3 h4 25. Bd3 Ke7 26. Ke3 Kf6 27. Kd4 b6 {[%emt 0:01:44] Inhibits c5.} 28. Bc2 Ke7 29. Ke3 $1 Re5+ 30. Be4 g5 (30... Be8 $15) 31. fxg6 $1 $11 fxg6 {[%emt 0:00:21][%cal Od7f5] [#] And now ...Bf5! would win.} 32. Kf4 {[%emt 0:00:06][%csl LRe5,LRg6] Inhibits Bf5.} Rc5 33. Bxg6 Rxc4+ 34. Kg5 Rxc3 35. Re1+ Kd8 36. Rd1 {[%emt 0:00:13][%mdl 1024] [#] Bf5 is the strong threat. White has compensation.} Ke7 (36... Rxa3 $2 37. Bf5 Rf3 38. Rxd7+ Ke8 39. Kf6 Rxf5+ 40. gxf5 $18) 37. Re1+ Kd8 (37... Kf8 $11 38. Rd1 Ke7) 38. Rd1 (38. Kxh4 $16 {Hoping for Bf5.} Rxa3 39. Bf5 Bxf5 40. gxf5) 38... Ke7 {[%emt 0:02:57] Weighted Error Value: White=0.07 (flawless) /Black=0.08 (flawless)} (38... Rxa3 39. Bf5 Kc8 40. Rxd7 $18) 1/2-1/2

[Event "1st Serbian League 2022"]
[Site "Vrnjacka Banja"]
[Date "2022.09.23"]
[Round "4.33"]
[White "Nenezic, Marko"]
[Black "Pezelj, Novak"]
[Result "0-1"]
[ECO "A40"]
[WhiteElo "2528"]
[BlackElo "2496"]
[Annotator "TA"]
[PlyCount "82"]
[EventDate "2022.09.20"]
[EventType "team-tourn"]
[EventCountry "SRB"]
[SourceTitle "playchess.com"]
[Source "ChessBase"]
[SourceQuality "1"]
[TimeControl "40/5400+30:1800+30"]

1. d4 g6 2. c4 Bg7 3. e4 d6 4. Nf3 c5 5. d5 Nd7 6. Be2 {[%emt 0:03:52] A40: Unusual replies to 1 d4.} Ne5 {[%emt 0:01:12] [#]} 7. Nfd2 $146 ({Predecessor:} 7. Nxe5 Bxe5 8. O-O Nf6 9. Qd3 Bd4 10. Nd2 e5 11. Nb3 Qe7 12. Re1 h6 13. Nxd4 cxd4 {1-0 (43) Zpevakova,J (2086)-Mareckova,M (2141) Czech Republic 2018}) 7... f5 8. exf5 {[%emt 0:13:18] White has an edge.} gxf5 9. h3 Nf6 10. f4 Ng6 11. O-O b5 12. Nf3 bxc4 (12... O-O {seems wilder.} 13. cxb5 Nh5 14. Ng5 Ng3) 13. Nc3 O-O 14. Bxc4 Rb8 15. Qd3 Nh5 16. Ne1 Qe8 17. Kh2 Qf7 18. Nc2 Kh8 19. g3 e5 20. dxe6 $1 Bxe6 21. Bxe6 Qxe6 22. Ne3 Rb4 {[%emt 0:01:23][%cal Rg6f4] White must now prevent ...Ngxf4!} 23. Nc2 Rbb8 24. Re1 Qg8 25. Ne3 $2 {[%emt 0:01:25] Black continues to play with concentration.} (25. Rg1 $11) 25... Nxg3 $1 $19 26. Kxg3 {[%emt 0:05:16] [#]} (26. Ng2 Nh5 27. Rd1) 26... Be5 $1 27. Kf2 (27. Qf1 Nxf4+) 27... Nxf4 28. Qf1 Qg5 {[%emt 0:01:29] Hoping for ...Qh4+.} 29. Ng2 {[%emt 0:01:07] Prevents Qh4+.} Nxh3+ (29... Bd4+ $142 30. Re3 Nxg2 31. Qxg2 Bxe3+ 32. Kf1 Qf4+ 33. Ke1 Bxc1) 30. Ke2 f4 {[%emt 0:00:38] And now ...Bxc3 would win.} 31. Qf3 Qf5 32. Nh4 Qe6 (32... Qc2+ 33. Kf1 Rg8 $1) 33. Kd1 {[%emt 0:00:27] [#]} Rg8 $1 {[%emt 0:01:01][%mdl 1024] ...Rg3 is the strong threat. Black has strong compensation.} 34. Kc2 $2 (34. Ne4) 34... Rg3 {[%emt 0:00:22] Dancing on a razor blade.} 35. Qe4 (35. Qh5 $142 Qc4 36. Ng6+ Rxg6 37. Rxe5) 35... Qf6 {[%emt 0:01:03][%csl LRc3,LRh4][%cal Re5c3] Black is clearly winning.} ({Not} 35... Nf2 36. Qxf4 Qh3 37. Qxf2 $11) 36. Nf3 Nf2 37. Qe2 Qf5+ 38. Kd2 Rg2 39. Nh4 Ne4+ (39... Bxc3+ $142 40. bxc3 Ne4+ 41. Kc2 Rxe2+ 42. Rxe2 Qd5) 40. Nxe4 Rxe2+ 41. Rxe2 Qh3 {[%emt 0:30:39] Weighted Error Value: White=1.39/Black=0.65} 0-1

[Event "1st Serbian League 2022"]
[Site "Vrnjacka Banja"]
[Date "2022.09.23"]
[Round "4.34"]
[White "Ratkovic, Milovan"]
[Black "Djukic, Nikola"]
[Result "1-0"]
[ECO "D00"]
[WhiteElo "2411"]
[BlackElo "2536"]
[Annotator "TA"]
[PlyCount "91"]
[EventDate "2022.09.20"]
[EventType "team-tourn"]
[EventCountry "SRB"]
[SourceTitle "playchess.com"]
[Source "ChessBase"]
[SourceQuality "1"]
[TimeControl "40/5400+30:1800+30"]

1. d4 Nf6 2. Bg5 g6 3. Bxf6 exf6 4. e3 d5 5. c4 dxc4 6. Bxc4 Bd6 {[%emt 0:00:38] D00: 1 d4 d5: Unusual lines.} 7. Nc3 Nd7 8. Nf3 O-O {[%emt 0:02:25] The position is equal.} 9. O-O f5 10. Qc2 c6 11. Rfd1 Nf6 12. a4 Qe7 13. d5 c5 {[%emt 0:04:04] [#]} (13... Rb8 $11) 14. g3 $146 ({Predecessor:} 14. Bf1 b6 15. Nd2 Bb7 16. Nc4 Rfd8 17. Qb3 Rab8 18. Nxd6 Rxd6 19. a5 Qe5 20. Bc4 {½-½ (36) Lelgemann,L (2052)-Zill,E (2248) ICCF email 2021}) 14... a6 15. Bf1 Bd7 16. a5 Rae8 17. Qb3 Ng4 18. Re1 Ne5 (18... Bc8 $14) 19. Nd2 (19. Nxe5 $16 Bxe5 20. Red1 (20. Qxb7 Rb8 $16)) 19... Rb8 20. f4 c4 $1 21. Qc2 Ng4 22. Nxc4 Bc5 23. Kh1 (23. Rad1 $5 ) 23... Bb5 24. Nxb5 (24. e4 $1 $14 {was preferrable.}) 24... axb5 $11 25. h3 Nf6 26. Ne5 Bd6 27. Nf3 $36 {[%emt 0:01:25][%mdl 2048] White fights for an advantage.} ({Much weaker is} 27. Bxb5 Bxe5 28. fxe5 Qxe5 $17) 27... Nxd5 {[%emt 0:03:00] [#]} (27... Bb4 $11) 28. e4 $1 $16 Nb4 29. Qb3 {[%emt 0:01:16] Threatens to win with e5.} fxe4 30. Ng5 {[%emt 0:00:22] White is more active.} Qd7 {[%emt 0:02:27] This costs Black the game.} (30... Nc6 $16) 31. Nxe4 $18 {[%emt 0:01:06] Nf6+ is the strong threat.} Qc6 (31... Qc7 $142 32. Rac1 (32. Bxb5 Rbd8 $16) 32... Nc6 33. Nf6+ (33. Qxb5 Rfc8 $16) (33. Bxb5 Be7 $18) 33... Kh8) 32. Rac1 Qa6 33. Nf6+ Kh8 (33... Kg7 {keeps fighting.} 34. Nd7 Rbd8) 34. Nd7 Rbd8 35. Qc3+ f6 $2 (35... Kg8) 36. Nxf8 {[%emt 0:00:57] White is clearly winning.} Rxf8 37. Rcd1 {[%emt 0:02:15] [#] Hoping for Re6.} Na2 38. Qb3 Qxa5 39. Re6 Bc5 40. Ra1 Ra8 41. Qxb5 b6 (41... Qxb5 $142 42. Bxb5 Ra7 43. Re8+ Kg7) 42. Re8+ Kg7 43. Rxa8 Qxa8+ 44. Bg2 Qg8 45. Qd7+ Kh6 46. Bd5 {[%emt 0:00:21] Prevents Qb3.  Weighted Error Value: White=0.31/Black=0.36} 1-0

[Event "1st Serbian League 2022"]
[Site "Vrnjacka Banja"]
[Date "2022.09.23"]
[Round "4.35"]
[White "Strikovic, Aleksa"]
[Black "Ratkovic, Miloje"]
[Result "1-0"]
[ECO "E14"]
[WhiteElo "2491"]
[BlackElo "2498"]
[Annotator "TA"]
[PlyCount "69"]
[EventDate "2022.09.20"]
[EventType "team-tourn"]
[EventCountry "SRB"]
[SourceTitle "playchess.com"]
[Source "ChessBase"]
[SourceQuality "1"]
[TimeControl "40/5400+30:1800+30"]

1. c4 e6 2. Nf3 d5 3. e3 Nf6 4. b3 Bd6 5. Bb2 O-O 6. Nc3 b6 7. cxd5 exd5 8. d4 a6 9. Bd3 Nbd7 10. O-O Bb7 11. Ne2 {[%emt 0:03:37] E14: Queen's Indian: Classical Variation (4 e3).} Qe7 12. Ng3 g6 {[%emt 0:01:47] Against Nf5} 13. Rc1 {[%emt 0:00:37] The position is equal.} Ng4 14. Re1 f5 {[%emt 0:08:33] Against e4} 15. Qc2 {[%emt 0:11:50] [#]} Rac8 $146 ({Predecessor:} 15... c6 16. e4 fxe4 17. Bxe4 Qg7 18. Bd3 Qh6 19. h3 Bxg3 20. fxg3 Ne3 21. Qd2 Nf5 22. Bxf5 {1-0 (22) Nguyen,H (2217)-Gonda,L (2443) Budapest 2006}) 16. Ne2 c5 17. dxc5 bxc5 (17... Bxc5 $11 18. Qd2 (18. Qc3 Ngf6 $15) 18... Ndf6 19. Bxf6 Nxf6) 18. Nf4 $14 (18. Qc3 $2 Nde5 19. Ng3 Nxf3+ 20. gxf3 Be5 $17) 18... Nde5 19. Nxe5 Bxe5 20. h3 Bxb2 21. Qxb2 Ne5 22. Be2 g5 23. Nh5 g4 24. Nf4 gxh3 25. Nxh3 Qg7 26. Qc2 (26. Rc2 $1 $11 {keeps the balance.}) 26... d4 $17 {[%csl Gb7][%cal Rg7g2] [#]} 27. Nf4 d3 (27... Kh8 $19 {[%cal Ob7g2] Hoping for ...Bxg2!} 28. exd4 {[#]} Bxg2 $1) 28. Bxd3 $11 {aiming for Kf1.} Nf3+ ({Better is} 28... Bxg2 $1 $11 29. Nxg2 Nf3+ 30. Kf1 Nh2+ 31. Kg1 Nf3+ 32. Kf1 Nh2+ 33. Kg1 Nf3+) 29. Kf1 $14 Nh2+ {[%mdl 8192] This costs Black the game.} (29... Nxe1 $16 30. Kxe1 (30. Rxe1 Qe5 $14) 30... Qe5) 30. Ke2 $18 Bxg2 31. Qc4+ ({Less strong is} 31. Bxf5 Bf3+ 32. Kd2 Rcd8+ 33. Bd3 Bc6 34. Qc4+ (34. Qxc5 $2 Bb5 $19) 34... Kh8 $14) 31... Kh8 32. Nxg2 Qxg2 33. Qc3+ {White is winning.} Qg7 34. Qxg7+ Kxg7 35. f3 {Inhibits Ng4.  Weighted Error Value: White=0.09 (flawless) /Black=0.35} 1-0

[Event "1st Serbian League 2022"]
[Site "Vrnjacka Banja"]
[Date "2022.09.23"]
[Round "4.36"]
[White "Dimic, Pavle"]
[Black "Perunovic, Miodrag"]
[Result "1-0"]
[ECO "E69"]
[WhiteElo "2352"]
[BlackElo "2413"]
[Annotator "TA"]
[PlyCount "79"]
[EventDate "2022.09.20"]
[EventType "team-tourn"]
[EventCountry "SRB"]
[SourceTitle "playchess.com"]
[Source "ChessBase"]
[SourceQuality "1"]
[TimeControl "40/5400+30:1800+30"]

1. d4 Nf6 2. Nf3 g6 3. c4 Bg7 4. g3 O-O 5. Bg2 d6 6. O-O Nbd7 7. Nc3 e5 8. e4 exd4 9. Nxd4 Re8 10. h3 Nc5 11. Re1 a5 12. Qc2 a4 13. Be3 c6 14. Rab1 Qe7 {[%emt 0:11:05][%cal Rf6e4] E69: King's Indian: Fianchetto: 6...Nbd7 7 0-0 e5 8 e4 c6 9 h3.} 15. Rbd1 Nfd7 (15... Ncxe4 $2 16. Bc1 $18) 16. f4 Qd8 {[%emt 0:18:45] White is slightly better.} 17. Nde2 {[%emt 0:16:14] [#]} Qa5 $146 ({Predecessor:} 17... Qc7 18. b4 axb3 19. axb3 b6 20. b4 Ne6 21. b5 Bb7 22. Qd2 Bf8 23. e5 Ra3 24. exd6 {1-0 (35) Vucenovic,D (2302)-Mazzoni,L (1912) Samnaun 2004}) 18. Rxd6 Qb4 19. Rdd1 Qxc4 20. Bf2 Nf8 21. Nd4 a3 ({Black should try} 21... Nfe6 22. e5 Rd8) 22. b3 $16 Qb4 23. e5 h5 {[%emt 0:03:29] Against g4} (23... Qa5 $16 {was worth a try.} 24. Ncb5 Nxb3) 24. Qd2 $18 {[%emt 0:00:54] And now Nc2 would win.} Nfe6 $2 (24... Qa5 25. Nc2 Na6) 25. Nc2 Qb6 26. b4 h4 27. bxc5 Qc7 28. g4 g5 29. fxg5 Bxe5 30. Ne4 {[%emt 0:00:10] Strongly threatening Nf6+.} Rd8 31. Qe3 {[%emt 0:00:55] Black must now prevent Nf6+.} Bf4 32. Qc3 Rxd1 33. Rxd1 Be5 34. Nf6+ Kf8 35. Qe3 Ra4 36. Re1 Bh2+ 37. Kh1 {[%emt 0:00:19] Qd3 is the strong threat.} Rc4 38. Qd3 {[%emt 0:00:41] White threatens Qh7 and mate.} Rf4 {[%emt 0:01:07] [#]} 39. Qh7 $1 Ke7 {[%emt 0:00:00] [#]} (39... Qd8 40. Bxh4) 40. Qh8 $1 {[%emt 0:02:18] Weighted Error Value: White=0.15 (very precise) /Black=0.50} 1-0